 Dungeon Crawl Stone Soup version 0.28.0 (webtiles) character file.

Game seed: 18298649863415688889

72 bande the Shield-Bearer (level 4, 0/29 HPs)
             Began as a Gargoyle Fighter on Feb 16, 2022.
             Killed by divine providence
             ... invoked by an orc priest
              (15 damage)
             ... on level 4 of the Dungeon.
             The game lasted 00:04:05 (2469 turns).

bande the Shield-Bearer (Gargoyle Fighter)          Turns: 2469, Time: 00:04:05

Health: 0/29       AC: 14    Str: 20    XL:     4   Next: 26%
Magic:  4/4        EV:  7    Int:  8    God:
Gold:   119        SH:  4    Dex: 11    Spells: 3/3 levels left

rFire   . . .      SeeInvis .   a - +0 war axe
rCold   . . .      Faith    .   c - +0 buckler
rNeg    + . .      Spirit   .   i - +0 chain mail
rPois   ∞          Reflect  .   (no helmet)
rElec   +          Harm     .   (no cloak)
rCorr   .          Rampage  .   (no gloves)
Will    .....                   j - +0 pair of boots
Stlth   ..........              (no amulet)
HPRegen 0.09/turn               (no ring)
MPRegen 0.09/turn               (no ring)

@: no status effects
A: sickness immunity, AC +3, negative energy resistance 1, electricity
resistance, torment resistance 1, petrification resistance
a: no special abilities


You were on level 4 of the Dungeon.
You visited 1 branch of the dungeon, and saw 4 of its levels.

You collected 119 gold pieces.

Inventory:

Hand Weapons
 a - a +0 war axe (weapon)
 b - a +0 flail
Armour
 c - a +0 buckler (worn)
 i - a +0 chain mail (worn)
 j - a +0 pair of boots (worn)
Wands
 k - a wand of digging (7)
Scrolls
 g - 2 scrolls of identify
 l - 2 scrolls of summoning
Potions
 d - a potion of might
 h - a potion of curing
 m - a potion of degeneration {unknown}


   Skills:
 + Level 3.8 Fighting
 + Level 2.9 Axes
 + Level 3.7 Armour
 + Level 3.9 Shields


You had 3 spell levels left.
You didn't know any spells.
Your spell library contained the following spells:

 Spells                   Type           Power      Damage    Failure   Level
 Pain                     Necr           0%         1d4       99%         1
 Agony                    Necr           0%         N/A       100%        5
 Excruciating Wounds      Necr           0%         N/A       100%        5


Dungeon Overview and Level Annotations

Branches:
Dungeon (4/15)
 Temple: D:4-7

Altars:


Innate Abilities, Weirdness & Mutations

You are immune to sickness and miasma.
Your stone body is resilient. (AC +3)
You are immune to poison.
You resist negative energy. (rN+)
You are resistant to electric shocks. (rElec)
You are resistant to unholy torment.
You are immune to petrification.


Message History

The adder skeleton is heavily damaged.
Your ball python dissolves into shadows!
The adder skeleton bites you but does no damage. x2
You slash the adder skeleton!
You destroy the adder skeleton!
No target in view!
You see here a quokka corpse.
A goblin comes into view. It is wielding a +0 club.
The goblin shouts!
You hear a shout!
An orc priest comes into view. It is wielding a +0 dagger.
There are monsters nearby!
An orc comes into view. It is wielding a +0 hand axe.
You block the goblin's attack.
You closely miss the goblin.
Your kobold dissolves into shadows! x2
The goblin hits you but does no damage.
The orc priest casts a cantrip, but nothing happens.
The goblin hits you with a +0 club.
You hit the goblin.
The goblin is heavily wounded.
A ball python comes into view.
A hobgoblin comes into view.
The goblin hits you but does no damage.
An ufetubus comes into view.
You barely miss the goblin.
The goblin is heavily wounded.
The hobgoblin shouts!
The ufetubus shouts!
You hear an angry hiss.
An orc priest comes into view. It is wielding a +0 hand axe.
The goblin barely misses you.
You slash the goblin!
You kill the goblin!
You slash the orc!
You kill the orc!
An orc comes into view. It is wielding a +0 short sword.
The orc priest calls down the wrath of Beogh upon you.
Beogh smites you!
You hear a shout!
The orc priest mumbles some strange prayers to Beogh against you.
Beogh smites you!
Ouch! That really hurt!
You die...

,,,,,,,.......,****,,,,,∩,,,**,,,
,*****,....o..## *,,,,,,,,,**,,,
,* *,,........# *,,,,,,,,,**,,,
<* *,,........# *,,,,,,,,,**,,,
,* *,,......Sg# *,,,,,,,,,*****
** *,,.......)## *,,,,,,,,,*
*******#.....)5o##*,,,,,,,,,*
+,,**,,#####..#..#*,,,,,,,,,*
*,,,,,,,,,,#.###@###******,**
*,,,,,,,,,,##* #.†.# *,*
****+****+** ###.# *,*
*,,,,*,,,,* #.#### *,*
*,,,,*,,,,##** #....# *,*
*******,,*#..* ###....# *,*
,,**,,*,,*,#.#*#......# *,*
,,,,,,+,,*,#..##S###### *,***
*8,,8**,,***#....# *,,,*


You could see 2 orc priests, an ufetubus, a hobgoblin and a ball python.

Vanquished Creatures
  An adder (D:2)
  An adder skeleton (D:4)
  A worm (D:2)
  2 dart slugs
  An orc (D:4)
  4 ball pythons
  5 endoplasms
  2 giant cockroaches
  9 goblins
  3 hobgoblins
  5 jackals (D:1)
  2 kobolds
  A quokka (D:4)
  5 bats
  4 frilled lizards
  2 rats (D:2)
48 creatures vanquished.

Notes
Turn   | Place    | Note
-------+----------+-------------------------------------------
     0 | D:1      | bande the Gargoyle Fighter began the quest for the Orb.
     0 | D:1      | Reached XP level 1. HP: 14/14 MP: 1/1
   310 | D:1      | Reached XP level 2. HP: 18/19 MP: 2/2
   751 | D:2      | Reached XP level 3. HP: 23/23 MP: 3/3
  1782 | D:3      | Found a faded altar of an unknown god.
  2005 | D:3      | Reached XP level 4. HP: 27/29 MP: 4/4
  2469 | D:4      | Killed from afar by an orc priest

Illustrated notes

Levels and vault maps discovered:
D:1:      erik_arrival_triangle_large, layout_basic, minmay_pentomino_w2
D:2:      layout_loops_ring
D:3:      layout_loops_ring, basic_ecumenical_altar
D:4:      minmay_chambers_of_twos, layout_rooms, kennysheep_little_box,
          nicolae_overflow_quartered_altars, serial_shops, shop, uniq_ijyb

Skill      XL: |  1  2 |
---------------+-------+-----
Axes           | 2 |  2.9
Fighting       | |  3.8
Armour         | |  3.7
Shields        | |  3.9

Action                   |  1- 3 |  4- 6 || total
-------------------------+-------+-------++-------
Melee: War axe           |   132 |    27 ||   159
  Use: Scroll            |     5 |     2 ||     7
Armor: Scale mail        |    64 |       ||    64
       Chain mail        |       |    22 ||    22
Dodge: Dodged            |    50 |     7 ||    57
Block: Buckler           |    36 |     8 ||    44
